 Dungeon Crawl Stone Soup version 0.22-a0-268-g1cc83ef (webtiles) character file.

3817 nikopol the Thaumaturge (level 9, -2/45 HPs)
             Began as a Deep Elf Fire Elementalist on Mar 9, 2018.
             Was a Believer of Sif Muna.
             Killed from afar by an electric eel (11 damage)
             ... with a bolt of electricity
             ... on level 8 of the Dungeon.
             The game lasted 00:34:56 (8571 turns).

nikopol the Thaumaturge (DEFE)                      Turns: 8571, Time: 00:34:57

Health: -2/45      AC:  9    Str:  5    XL:     9   Next: 97%
Magic:  5/26       EV: 14    Int: 24    God:    Sif Muna [**....]
Gold:   544        SH:  0    Dex: 15    Spells: 15/30 levels left

rFire    . . .     SeeInvis .   t - +0 long sword
rCold    . . .     Gourm    .   (no shield)
rNeg     . . .     Faith    .   a - +0 robe
rPois    .         Spirit   .   p - +0 helmet
rElec    .         Reflect  .   (no cloak)
rCorr    .         Harm     .   (no gloves)
MR       +....                  e - +2 pair of boots
Stlth    +++.......             (no amulet)
HPRegen  0.15/turn              y - +3 ring of protection
MPRegen  0.20/turn              o - ring of protection from magic

@: no status effects
A: no striking features
a: Divine Energy, Renounce Religion


You were on level 8 of the Dungeon.
You worshipped Sif Muna.
Sif Muna was pleased with you.
You were not hungry.

You visited 2 branches of the dungeon, and saw 9 of its levels.

You collected 622 gold pieces.
You spent 78 gold pieces at shops.

Inventory:

Hand Weapons
 t - a +0 long sword (weapon)
Armour
 a - a +0 robe (worn)
 e - a +2 pair of boots (worn)
 p - a +0 helmet (worn)
Jewellery
 o - a ring of protection from magic (right hand)
 y - a +3 ring of protection (left hand)
 F - a cursed -2 ring of dexterity {unknown}
 J - a cursed -6 ring of dexterity {unknown}
Wands
 v - a wand of flame (37)
 x - a wand of iceblast (1)
 B - a wand of enslavement (36)
 E - a wand of random effects (57)
Scrolls
 d - a scroll of teleportation
 f - a scroll of noise {unknown}
 h - 2 scrolls of enchant armour {unknown}
 i - 2 scrolls of enchant weapon {unknown}
 j - 2 scrolls of remove curse
 l - a scroll of amnesia
 n - 3 scrolls of magic mapping {unknown}
 r - 4 scrolls of identify
 s - a scroll of fear {unknown}
 u - 3 scrolls of blinking {unknown}
 w - a scroll of fog {unknown}
 G - a scroll of immolation {unknown}
 H - a scroll of random uselessness {unknown}
Potions
 b - a potion of mutation
 g - 3 potions of haste
 k - 7 potions of curing
 m - 2 potions of lignification
 q - a potion of ambrosia
 z - a potion of flight
 A - 2 potions of resistance {unknown}
 C - 2 potions of berserk rage {unknown}
 D - a potion of invisibility {unknown}
Comestibles
 c - 16 rations
 I - 2 chunks of flesh


   Skills:
 + Level 0.2 Fighting
 - Level 1.1 Long Blades
 + Level 3.6 Dodging
 + Level 4.4 Stealth
 + Level 11.2 Spellcasting
 + Level 8.0 Conjurations
 + Level 9.3 Fire Magic
 + Level 1.0 Evocations


You had 15 spell levels left.
You knew the following spells:

 Your Spells              Type           Power        Failure   Level  Hunger
a - Flame Tongue          Conj/Fire      #####        1%          1    None
b - Throw Flame           Conj/Fire      ######       1%          2    None
c - Conjure Flame         Conj/Fire      ######..     1%          3    None
d - Sticky Flame          Conj/Fire      ######..     1%          4    None
e - Fireball              Conj/Fire      ######....   3%          5    ####...


Dungeon Overview and Level Annotations

Branches:
Dungeon (8/15)             Temple (1/1) D:5            Lair (0/6) D:8

Altars:
Ashenzari
Cheibriados
Dithmenos
Elyvilon
Fedhas
Gozag
Hepliaklqana
Kikubaaqudgha
Makhleb
Nemelex Xobeh
Okawaru
Qazlal
Ru
Sif Muna
Trog
Uskayaw
Vehumet
Wu Jian
Xom
Yredelemnul
Zin
The Shining One

Shops:
D:5 ?

Annotations:
D:8 nikopol's ghost, novice DEFE


Message History

Your surroundings suddenly seem different.
Found a staircase to the Lair.
A jackal, a hound and 3 electric eels come into view.
An electric eel comes into view.
The jackal barks!
Sif Muna accepts your kill.
You feel a bit more experienced.
The electric eel shoots out a bolt of lightning at you!
The bolt of electricity misses you. The bolt of electricity hits you!
A hound comes into view.
A black bear comes into view.
The electric eel shoots out a bolt of lightning at you!
The bolt of electricity hits you! The bolt of electricity misses you.
The electric eel shoots out a bolt of lightning at you!
The bolt of electricity hits you!
* * * LOW HITPOINT WARNING * * *
The black bear moves out of view.
The electric eel shoots out a bolt of lightning at you!
The bolt of electricity hits you!
You die...

#.....#
#..≈≈≈≈≈.≈ #.
#.....#
#..≈≈≈≈≈.≈ #. #
#####.#
#...≈≈≈≈.≈ #. #
#.# #...≈≈≈≈.. #
# .# #..≈h≈.h.≈
## #..≈≈≈.;.. .#
#.h≈≈≈.... .#
#.≈≈≈.≈.>. .#
#@.≈≈≈.... .#
#.....≈≈≈≈.≈.≈
.#
..........≈≈;≈≈≈
.#
....##....≈;≈≈≈≈
.# ...
#..≈≈≈≈;.≈≈ .#
.. ##......≈≈ .#
. .......≈. ..
#........ .#


You could see 2 hounds, 4 electric eels and a jackal.

Vanquished Creatures
  Grinder (D:5)
  Sigmund (D:5)
  Menkaure (D:6)
  Edmund (D:6)
  Duvessa (D:7)
  3 ice beasts
  A sky beast (D:7)
  A necrophage (D:7)
  2 ogres
  2 centaurs
  A crocodile (D:8)
  9 bullfrogs
  A big kobold (D:7)
  A water moccasin skeleton (D:7)
  Dowan (D:7)
  2 killer bees (D:8)
  8 wights (D:6)
  2 howler monkeys
  3 crimson imps
  A bullfrog zombie (D:7)
  5 hounds
  A jelly (D:7)
  An orc priest (D:4)
  A centaur skeleton (D:4)
  4 iguanas
  6 orc wizards
  3 worker ants
  A hound zombie (D:8)
  11 gnolls
  8 adders
  A shadow imp (D:7)
  An ooze (D:2)
  An adder skeleton (D:4)
  A worm (D:6)
  2 dart slugs
  5 leopard geckos
  19 orcs
  A ball python (D:7)
  3 giant cockroaches
  6 goblins
  7 hobgoblins
  4 jackals
  5 quokkas
  10 bats
  5 frilled lizards
  10 kobolds
  9 rats
174 creatures vanquished.

Vanquished Creatures (others)
  A jackal skeleton (D:5)
1 creature vanquished.

Grand Total: 175 creatures vanquished

Notes
Turn   | Place    | Note
-------+----------+-------------------------------------------
     0 | D:1      | nikopol the Deep Elf Fire Elementalist began the quest for the Orb.
     0 | D:1      | Reached XP level 1. HP: 10/10 MP: 6/6
   227 | D:1      | Reached XP level 2. HP: 15/15 MP: 4/8
   761 | D:2      | Reached XP level 3. HP: 19/19 MP: 5/10
   837 | D:2      | Learned a level 2 spell: Throw Flame
   841 | D:2      | Learned a level 3 spell: Conjure Flame
   930 | D:2      | Reached skill level 4 in Spellcasting
   930 | D:2      | Reached XP level 4. HP: 24/24 MP: 9/12
  1758 | D:3      | Reached XP level 5. HP: 28/28 MP: 7/14
  1766 | D:3      | Learned a level 4 spell: Sticky Flame
  1831 | D:3      | Reached skill level 5 in Spellcasting
  2469 | D:4      | Reached skill level 5 in Fire Magic
  2817 | D:4      | Noticed an ogre
  2825 | D:4      | Killed an ogre
  2825 | D:4      | Reached XP level 6. HP: 32/32 MP: 0/16
  2872 | D:4      | Reached skill level 6 in Spellcasting
  3079 | D:4      | Found a blossoming altar of Fedhas.
  3479 | D:4      | Learned a level 5 spell: Fireball
  3657 | D:5      | Entered Level 5 of the Dungeon
  3825 | D:5      | Found Dothoz's Magic Scroll Emporium.
  3833 | D:5      | Bought a scroll of identify for 26 gold pieces
  3833 | D:5      | Bought a scroll of identify for 26 gold pieces
  3833 | D:5      | Bought a scroll of identify for 26 gold pieces
  3957 | D:5      | Reached XP level 7. HP: 36/36 MP: 19/19
  4127 | D:5      | Noticed Sigmund
  4140 | D:5      | Reached skill level 7 in Spellcasting
  4965 | D:5      | Found a shadowy altar of Dithmenos.
  4966 | D:5      | Found a glowing silver altar of Zin.
  4978 | D:5      | Noticed Grinder
  4988 | D:5      | Killed Grinder
  5121 | D:5      | Killed Sigmund
  5121 | D:5      | Reached skill level 5 in Conjurations
  5121 | D:5      | Reached XP level 8. HP: 41/41 MP: 13/21
  5169 | D:5      | Found a staircase to the Ecumenical Temple.
  5179 | Temple   | Entered the Ecumenical Temple
  5638 | D:6      | Reached skill level 8 in Spellcasting
  6119 | D:6      | Reached skill level 9 in Spellcasting
  6326 | D:6      | Noticed Edmund
  6352 | D:6      | Killed Edmund
  6451 | D:6      | Found a deep blue altar of Sif Muna.
  6459 | D:6      | Became a worshipper of Sif Muna the Loreminder
  6633 | D:6      | Noticed Menkaure
  6639 | D:6      | Killed Menkaure
  6639 | D:6      | Reached XP level 9. HP: 45/45 MP: 18/24
  7183 | D:7      | Reached skill level 10 in Spellcasting
  7242 | D:7      | Reached * piety under Sif Muna
  7295 | D:7      | Noticed Duvessa
  7314 | D:7      | Reached skill level 1 in Evocations
  7584 | D:7      | Noticed Dowan
  7592 | D:7      | Killed Dowan
  7594 | D:7      | Killed Duvessa
  7949 | D:7      | Reached skill level 1 in Long Blades
  8001 | D:8      | Reached ** piety under Sif Muna
  8287 | D:8      | Reached skill level 11 in Spellcasting
  8300 | D:8      | Noticed a troll
  8464 | D:8      | Noticed nikopol's ghost (novice DEFE)
  8500 | D:8      | Noticed a two-headed ogre
  8568 | D:8      | Found a staircase to the Lair.
  8571 | D:8      | Killed from afar by an electric eel

Vault maps used:
D:1:      dpeg_arrival_brainrot, serial_glass, glass_columns_a, glass_columns_a,
          minmay_tiny_reverse_x
D:3:      first_ration, minmay_misc_feat_roman
D:4:      old_standard_altar
D:5:      gammafunk_temple_overflow_statue, minmay_temple_entry_junction,
          serial_shops, nicolae_shop_crystal, lemuel_flamethrower_1,
          uniq_sigmund, uniq_grinder
D:6:      lemuel_blue_sif_altar, hangedman_decor_growths, uniq_edmund,
          uniq_menkaure
D:7:      uniq_duvessa
D:8:      erik_lair_island, blue_anna_alchemist
Temple:   dpeg_five_rooms_temple

Skill      XL: |  1  2  3  4  5  6  7  8  9 |
---------------+----------------------------+-----
Stealth        | 3 4 |  4.4
Conjurations   | 2 3 5 6 8 |  8.0
Fire Magic     | 4 5 6 7 9 |  9.3
Spellcasting   | 4 5 6 7 9 11 | 11.2
Dodging        | 3 |  3.6
Evocations     | 1 |  1.0
Long Blades    | 1 |  1.1
Fighting       | |  0.2

Action                   |  1- 3 |  4- 6 |  7- 9 || total
-------------------------+-------+-------+-------++-------
Melee: Long sword        |       |     1 |       ||     1
 Cast: Flame Tongue      |    47 |   116 |   215 ||   378
       Conjure Flame     |       |     4 |    23 ||    27
       Throw Flame       |       |     5 |     7 ||    12
       Sticky Flame      |       |     2 |    20 ||    22
       Fireball          |       |       |     6 ||     6
Evoke: Wand              |       |     1 |     5 ||     6
  Use: Scroll            |       |    10 |     2 ||    12
  Eat: Chunk             |       |     9 |     9 ||    18
       Ration            |       |       |     2 ||     2
Armor: Robe              |     3 |     9 |    20 ||    32
Dodge: Dodged            |     8 |    15 |    46 ||    69
       Rpst.: Long sword |       |     3 |    12 ||    15

Table legend:
 A = Spawn XP
 B = Non-spawn XP
 C = Spawn XP percentage of total XP
 D = Spawn monster count
 E = Non-spawn monster count
 F = Spawn count percentage of total count
 G = Total turns spent on level
                    A         B        C        D         E        F      G
               +---------+---------+-------+---------+---------+-------+---------
         Total |       0 |    5454 |   0.0 |       0 |     174 |   0.0 |  8571
               +---------+---------+-------+---------+---------+-------+---------
           D:1 |       0 |      40 |   0.0 |       0 |      25 |   0.0 |   752
           D:2 |       0 |     142 |   0.0 |       0 |      20 |   0.0 |   792
           D:3 |       0 |      63 |   0.0 |       0 |      14 |   0.0 |   761
           D:4 |       0 |     433 |   0.0 |       0 |      22 |   0.0 |  1646
           D:5 |       0 |     804 |   0.0 |       0 |      14 |   0.0 |  1432
           D:6 |       0 |    1494 |   0.0 |       0 |      25 |   0.0 |  1195
           D:7 |       0 |    1370 |   0.0 |       0 |      29 |   0.0 |  1175
           D:8 |       0 |    1108 |   0.0 |       0 |      25 |   0.0 |   579
               +---------+---------+-------+---------+---------+-------+---------
